Map: Ruins of Seras

Players

Muon - Winner!

  • Race: Protoss Protoss
  • League: Silver

Grumm

  • Race: Terran Terran
  • League: Gold

VOD

Have the link to the VOD?

Description

Time

  • Played on: Jan. 23, 2016, 2:01 a.m.
  • Length: 20:38
Show
View Real Time Build Order
Export as new Build Order

Muon Protoss - Winner!

Build Orders: 1 Gate Expand 

Get SALT Encoding   

  12  0:01  Probe (Chrono Boost)  
  13  0:11  Probe (Chrono Boost)  
  14  0:21  Pylon  
  14  0:23  Probe (Chrono Boost)  
  15  0:39  Probe (Chrono Boost)  
  15  0:41  Gateway  
  16  0:49  Probe (Chrono Boost)  
  17  1:00  Probe (Chrono Boost)  
  18  1:17  Nexus  
  18  1:25  Probe (Chrono Boost)  
  19  1:31  Cybernetics Core  
  19  1:38  Assimilator  
  19  1:41  Probe (Chrono Boost)  
  19  1:46  Assimilator  
  20  1:51  Zealot  
  22  1:59  Pylon  
  22  2:04  Probe (Chrono Boost)  
  23  2:17  Probe (Chrono Boost)  
  23  2:18  Zealot  
  26  2:23  Warp Gate (Chrono Boost)  
  26  2:30  Probe  
  26  2:32  Probe  
  28  2:41  Pylon  
  28  2:44  Pylon  
  28  2:45  Probe  
  28  2:47  Probe  
  30  2:56  Probe  
  31  3:06  Robotics Facility  
  31  3:08  Probe  
  31  3:11  Probe  
  32  3:14  Sentry  
  35  3:28  Probe  
  35  3:29  Probe  
  37  3:40  Stalker  
  41  3:41  Mothership Core  
  41  3:48  Pylon  
  41  3:52  Pylon  
  41  3:54  Observer (Chrono Boost)  
  42  4:00  Gateway  
  42  4:03  Gateway  
  42  4:08  Forge  
  42  4:09  Probe  
  42  4:10  Probe  
  44  4:20  Probe  
  44  4:23  Probe  
  43  4:30  Probe  
  44  4:31  Observer (Chrono Boost)  
  44  4:35  Probe  
  46  4:41  Pylon  
  46  4:48  Protoss Ground Weapons Level 1 (Chrono Boost)  
  42  5:15  Probe  
  42  5:16  Probe  
  44  5:25  Probe  
  44  5:27  Immortal  
  49  5:28  Probe  
  49  5:33  Assimilator  
  49  5:36  Stalker x2, Probe  
  49  5:38  Assimilator  
  49  5:40  Probe  
  55  5:46  Probe  
  55  5:47  Pylon  
  55  5:48  Gateway  
  56  5:52  Probe  
  57  5:57  Probe  
  57  6:02  Sentry x2  
  57  6:03  Sentry  
  64  6:04  Probe  
  64  6:07  Probe  
  66  6:15  Warp Prism  
  66  6:17  Probe  
  66  6:18  Probe  
  70  6:28  Pylon, Probe  
  70  6:29  Probe  
  72  6:39  Probe  
  72  6:41  Robotics Bay, Probe  
  74  6:52  Stalker x2  
  74  6:53  Stalker x2  
  82  7:06  Probe  
  82  7:07  Probe  
  84  7:17  Stalker  
  84  7:19  Sentry x2  
  84  7:21  Nexus  
  90  7:24  Pylon  
  90  7:28  Pylon  
  90  7:29  Extended Thermal Lance  
  90  7:38  Twilight Council  
  90  7:40  Protoss Ground Armor Level 1 (Chrono Boost)  
  90  7:54  Stalker x2  
  90  7:55  Stalker  
  90  7:57  Stalker  
  98  8:05  Assimilator  
  98  8:08  Assimilator  
  98  8:16  Pylon  
  98  8:20  Stalker  
  98  8:21  Stalker x3  
  106  8:38  Gateway  
  106  8:39  Gateway  
  106  8:43  Gateway  
  106  8:44  Colossus (Chrono Boost)  
  106  8:45  Gateway  
  112  8:49  Probe x3  
  115  8:57  Blink  
  115  9:01  Probe  
  115  9:02  Protoss Ground Weapons Level 2 (Chrono Boost)  
  116  9:39  Colossus (Chrono Boost)  
  122  9:46  Stalker x3  
  122  9:47  Stalker x3  
  134  9:55  Probe x3  
  138  10:07  Probe x3  
  140  10:19  Stargate  
  140  10:25  Stargate  
  140  10:35  Probe  
  141  10:44  Pylon  
  141  10:50  Pylon  
  141  10:54  Pylon  
  141  10:57  Pylon  
  141  11:01  Pylon  
  141  11:02  Probe  
  142  11:26  Pylon  
  142  11:28  Stalker x4  
  142  11:29  Stalker x4  
  142  11:30  Pylon  
  158  11:36  Pylon  
  158  11:37  Colossus (Chrono Boost)  
  164  11:40  Pylon  
  164  11:42  Nexus  
  164  11:46  Assimilator  
  164  11:50  Assimilator  
  164  11:51  Protoss Ground Weapons Level 3 (Chrono Boost)  
  164  11:53  Pylon  
  164  12:07  Phoenix x2  
  168  12:17  Stalker x2  
  168  12:18  Stalker x5  
  168  12:19  Stalker  
  184  12:28  Phoenix x2  
  188  12:43  Nexus  
  186  12:46  Pylon  
  186  12:49  Pylon  
  186  12:53  Stalker  
  186  12:54  Stalker x6  
  200  14:10  Pylon  
  200  14:16  Pylon  
  110  14:37  Stalker x4  
  110  14:38  Stalker x4  
  110  15:13  Cybernetics Core  
  58  15:51  Stalker x4  
  58  15:52  Stalker x4  
  62  16:16  Stalker x6  
  62  16:17  Stalker x2  
  78  16:22  Probe x2  
  78  16:23  Probe x2  
  82  16:32  Probe  
  82  16:35  Probe  
  82  16:47  Stalker x3  
  82  16:48  Stalker x5  
  87  17:10  Robotics Facility  
  87  17:15  Stalker x5  
  91  17:16  Stalker  
  91  17:38  Probe x2  
  91  17:40  Probe x2  
  95  17:51  Stalker  
  95  17:52  Probe, Stalker x5  
  108  18:15  Stalker  
  108  18:16  Stalker x5  
  90  18:34  Observer  
  91  18:45  Assimilator  
  91  18:47  Assimilator  
  89  18:56  Observer  
  74  19:16  Stalker x5  
  74  19:17  Observer, Stalker  
  84  19:21  Phoenix x2  
  89  19:46  Nexus  
  89  19:50  Pylon  
  89  19:53  Pylon  
  89  20:04  Stalker x4  
  89  20:05  Stalker x2  
  101  20:13  Probe x2  
  101  20:14  Probe  
Show
View Real Time Build Order
Export as new Build Order

Grumm Terran 

Build Orders: 1/1/1, Liberator Opening 

Get SALT Encoding   

  12  0:01  SCV  
  13  0:13  SCV  
  14  0:19  Supply Depot  
  14  0:25  SCV  
  15  0:30  Refinery  
  15  0:43  Barracks  
  15  0:52  SCV  
  16  1:02  Refinery  
  16  1:04  SCV  
  17  1:15  Supply Depot  
  17  1:16  SCV  
  18  1:28  SCV  
  19  1:37  Factory  
  19  1:40  SCV  
  20  1:53  Orbital Command  
  20  1:58  Reaper  
  21  2:22  Starport  
  21  2:23  Factory Tech Lab  
  21  2:51  Widow Mine  
  23  2:58  Command Center  
  23  3:03  Medivac  
  25  3:12  SCV  
  26  3:24  SCV  
  26  3:29  Widow Mine  
  28  3:36  SCV  
  29  3:48  Supply Depot, SCV  
  30  3:50  Marine  
  30  3:52  Liberator  
  31  4:10  Siege Tank  
  37  4:33  SCV  
  37  4:34  Marine  
  39  4:41  Engineering Bay  
  39  4:44  Siege Tank  
  42  4:51  Marine  
  42  4:52  Fusion Core  
  43  4:54  Starport Tech Lab  
  41  5:15  Orbital Command  
  41  5:18  SCV  
  42  5:30  SCV  
  43  5:42  Battlecruiser, SCV  
  50  5:47  Starport  
  50  5:50  Starport  
  50  5:54  Barracks Tech Lab, SCV  
  51  6:06  SCV  
  51  6:08  Refinery  
  52  6:13  Refinery  
  51  6:42  SCV x2  
  53  6:54  SCV  
  54  7:07  Supply Depot  
  54  7:12  Battlecruiser, SCV x2  
  54  7:13  Marine  
  63  7:19  Hellion  
  65  7:24  SCV  
  65  7:28  Battlecruiser  
  72  7:31  Marine  
  72  7:34  Supply Depot  
  73  7:40  Hellion  
  73  7:41  Supply Depot  
  75  7:49  Marine  
  76  7:57  Supply Depot  
  76  8:02  Hellion  
  78  8:07  Marine, Armory  
  79  8:13  Battlecruiser  
  85  8:23  Hellion  
  85  8:24  Marine  
  88  8:29  Battlecruiser  
  88  8:34  SCV x2  
  96  8:48  Battlecruiser  
  102  9:25  Supply Depot  
  102  9:27  Supply Depot, Terran Ship Weapons Level 1  
  102  9:29  Supply Depot  
  101  9:47  Battlecruiser  
  101  9:51  Battlecruiser  
  113  9:53  Marine  
  113  9:54  Supply Depot  
  113  9:59  Supply Depot  
  114  10:00  Supply Depot  
  114  10:11  Marine  
  115  10:18  Battlecruiser  
  121  10:29  Marine  
  122  10:47  Marine  
  123  11:04  Marine  
  119  11:14  Engineering Bay  
  119  11:17  Armory  
  119  11:22  Terran Vehicle And Ship Armor Level 1  
  119  11:25  Battlecruiser  
  125  11:32  Battlecruiser  
  131  11:43  Command Center  
  131  11:44  Command Center  
  131  11:46  Supply Depot x2  
  131  11:56  Marine  
  132  12:02  Hellbat  
  134  12:08  Supply Depot  
  134  12:09  Banshee, Supply Depot  
  134  12:14  Marine  
  138  12:29  Banshee  
  141  12:32  Marine  
  141  12:36  Banshee  
  145  12:37  Missile Turret  
  145  12:49  Marine  
  146  13:14  Banshee  
  146  13:15  Banshee  
  146  13:19  Banshee  
  155  13:31  Planetary Fortress  
  155  13:38  Missile Turret  
  155  13:47  Refinery  
  155  13:49  Refinery  
  155  13:55  Missile Turret  
  155  13:57  Banshee  
  158  14:06  Banshee  
  158  14:07  Banshee  
  102  14:40  Banshee  
  105  14:49  Banshee  
  78  15:26  Cloaking Field  
  72  15:29  Banshee x2  
  72  15:32  Banshee  
  75  16:11  Banshee  
  75  16:12  Banshee  
  87  16:18  Battlecruiser  
  87  16:54  Refinery  
  87  16:56  Refinery  
  74  17:20  Viking  
  74  17:22  Viking  
  43  18:40  Barracks x2  
  43  18:42  SCV  
  44  18:54  SCV  
  42  19:06  SCV  
  19  19:18  SCV  
  19  19:21  Starport x2  
  20  19:24  Starport  
  21  19:34  SCV  
  21  19:37  Orbital Command  
  21  19:44  Marine x2  
  23  19:46  SCV  
  24  19:53  Supply Depot  
  24  19:59  Starport Tech Lab  
  24  20:01  Starport Tech Lab  
  24  20:02  Marine x2  
  24  20:06  Starport Tech Lab  
  26  20:10  Supply Depot  
  26  20:20  Marine x2  
  28  20:23  Fusion Core  
Tags
 
Add a new tag
Caveats
  • Supply blocks, unpowered buildings, or Contaminate may cause inaccurate times.
  • Supply counts are checked every 10 seconds.